 Dungeon Crawl Stone Soup version 0.31-a0-1620-gcbf77bbcfc (webtiles) character file.

Game seed: 15462853358501596731

2823 voltaire321 the Sneak (level 9, -9/60 (61) HPs)
             Began as an Octopode Earth Elementalist on Jan 11, 2024.
             Was a Believer of Vehumet.
             Mangled by a gnoll sergeant
             ... wielding a +1 trident of venom
              (12 damage)
             ... on level 6 of the Dungeon.
             The game lasted 00:18:17 (5742 turns).

voltaire321 the Sneak (Octopode Earth Elementalist) Turns: 5742, Time: 00:18:17

HP:   -9/60 (61)    AC:  1    Str:  7    XL:     9   Next: 73%
MP:   19/25         EV: 20    Int: 21    God:    Vehumet [**....]
Gold: 304           SH:  5    Dex: 13    Spells: 3/18 levels left

rFire   . . .        h - +2 short sword (elec)
rCold   . . .        (no shield)
rNeg    . . .        (helmet restricted)
rPois   .            z - amulet of reflection
rElec   .            e - +5 ring of evasion
rCorr   +            l - ring of resist corrosion
SInv    .            v - ring of magical power
Will    .....        (no ring)
Stlth   +++++        (no ring)
HPRegen 0.30/turn    (no ring)
MPRegen 0.19/turn    (no ring)
                     (no ring)

%: reflection
@: brilliant, lethally poisoned (-9 -> -15), very slightly contaminated, lightly
drained
A: almost no armour, amphibious, 8 rings, camouflage 1, gelatinous body 1,
(nimble swimmer 1), tentacles
a: Renounce Religion


You were on level 6 of the Dungeon.
You worshipped Vehumet.
Vehumet was pleased with you.
You visited 2 branches of the dungeon, and saw 8 of its levels.

You collected 304 gold pieces.

Inventory:

Hand Weapons
 h - a +2 short sword of electrocution (weapon)
Missiles
 t - a throwing net
 w - a curare-tipped dart
Jewellery
 e - a +5 ring of evasion (left tentacle)
 l - a ring of resist corrosion (right tentacle)
 v - a ring of magical power (on tentacle)
 z - an amulet of reflection (around mantle)
Wands
 s - a wand of paralysis (9)
 A - a wand of mindburst (10)
Scrolls
 b - 2 scrolls of enchant weapon {unknown}
 c - a scroll of blinking {unknown}
 d - a scroll of noise {unknown}
 f - a scroll of acquirement {unknown}
 i - 2 scrolls of butterflies {unknown}
 k - 3 scrolls of revelation {unknown}
 m - a scroll of enchant armour {unknown}
 o - a scroll of silence {unknown}
 r - a scroll of immolation {unknown}
 x - a scroll of teleportation {unknown}
 y - a scroll of torment {unknown}
Potions
 a - 2 potions of magic
 g - 4 potions of mutation
 n - a potion of resistance
 q - a potion of enlightenment


   Skills:
 + Level 5.0 Fighting
 + Level 5.5 Dodging
 + Level 7.6 Stealth
 + Level 5.0 Spellcasting
 + Level 5.0 Conjurations
 + Level 1.2 Summonings
 + Level 3.1 Air Magic
 + Level 5.8 Earth Magic


You had 3 spell levels left.
You knew the following spells:

 Your Spells              Type           Power      Damage    Failure   Level
a - Sandblast             Erth           88%        2d18      1%          1
b - Passwall              Erth           44%        N/A       3%          3
c - Stone Arrow           Conj/Erth      84%        3d12      3%          3
d - Airstrike             Air            13%        2d(2-18)  30%         4
e - Summon Lightning Spi  Summ/Air       21%        N/A       41%         4

Your spell library contained the following spells:

 Spells                   Type           Power      Damage    Failure   Level
 Freeze                   Ice            28%        1d5       11%         1
 Shock                    Conj/Air       100%       1d9       1%          1
 Static Discharge         Conj/Air       66%        3-6/arc   3%          2
 Swiftness                Air            27%        N/A       9%          3
 Lesser Beckoning         Tloc           14%        N/A       16%         2
 Gell's Gravitas          Tloc           7%         N/A       32%         3
 Teleport Other           Tloc           7%         N/A       32%         3
 Brom's Barrelling Bould  Conj/Erth      42%        2d6       12%         4
 Petrify                  Alch/Erth      26%        N/A       32%         4


Dungeon Overview and Level Annotations

Branches:
Dungeon (7/15)             Temple (1/1) D:6

Altars:
Ashenzari
Dithmenos
Elyvilon
Fedhas
Gozag
Hepliaklqana
Kikubaaqudgha
Makhleb
Nemelex Xobeh
Okawaru
Qazlal
Ru
Sif Muna
Trog
Uskayaw
Vehumet
Xom
Yredelemnul
Zin
The Shining One

Annotations:
D:6 1 transporter, avis's ghost, novice FeWr
D:7 2 transporters, Azoth's ghost, novice FoEE; Edmund


Innate Abilities, Weirdness & Mutations

You cannot wear most types of armour.
You are amphibious.
You can wear up to eight rings at the same time.
Your skin changes colour to match your surroundings (Stealth+).
Your rubbery body absorbs attacks. (AC +1, EV +1)
((You are camouflaged when in or above water. (Stealth+)))
You have tentacles for arms and can constrict up to eight enemies at once.


Message History

Press: ? - help, Q - select action, (/) - cycle Shift-Dir - straight line, f/p - gnoll sergeant
Aim: a gnoll sergeant, wielding a +1 trident of venom, wearing a +2 ring mail and wearing a +1 kite shield (90% to hit)
The blast of sand hits the gnoll sergeant!
The gnoll sergeant is moderately wounded.
The gnoll sergeant completely misses you.
The gnoll sergeant hits you from afar with a +1 trident of venom!
You are poisoned.
The gnoll sergeant hits you from afar with a +2 trident of chaos.
* * * LOW HITPOINT WARNING * * *
You feel drained.
* * * LOW HITPOINT WARNING * * *
You block the gnoll sergeant's attack.
Aiming: Sandblast (safe; 1% risk of failure)
Press: ? - help, Q - select action, (/) - cycle Shift-Dir - straight line, f/p - gnoll sergeant
Aim: a gnoll sergeant, wielding a +1 trident of venom, wearing a +2 ring mail and wearing a +1 kite shield (moderately wounded, 90% to hit)
Okay, then.
Casting: Sandblast (safe; 1% risk of failure)
Confirm with . or Enter, or press ? or * to list all spells.
Aiming: Stone Arrow (dangerous; 3% risk of failure)
Press: ? - help, Shift-Dir - straight line, f/p - gnoll sergeant
Aim: a gnoll sergeant, wielding a +1 trident of venom, wearing a +2 ring mail and wearing a +1 kite shield (moderately wounded, 83% to hit)
You miscast Stone Arrow.
You are very lightly contaminated with residual magic.
Nothing appears to happen.
* * * LOW HITPOINT WARNING * * *
You feel very sick.
The gnoll sergeant closely misses you. x2
* * * LOW HITPOINT WARNING * * *
You feel very sick.
Avis's ghost says, "You will never get the ORB!"
Avis's ghost mumbles some strange words.
Avis's ghost blinks!
The gnoll sergeant misses you.
* * * LOW HITPOINT WARNING * * *
You feel very sick.
It was a potion of brilliance.
You feel clever all of a sudden.
* * * LOW HITPOINT WARNING * * *
You feel sick.
The gnoll sergeant hits you from afar with a +1 trident of venom!
You die...

##########
##############.........
#......................
#.≈≈≈≈≈≈≈≈≈≈≈≈~≈≈≈≈≈≈≈≈
#.≈≈≈≈≈≈≈≈≈≈≈≈~≈≈≈≈≈≈≈≈
#.≈≈#####...........###
##.≈≈#.8.#.###.©.###.#g8
#..≈≈#.@.###.#####©###..
#..≈≈###.g.............#
#..≈≈.8#g##g###'######.#
#..≈≈.##g#...#..8#W.$#g#
#..~~.#..'...g.©⌠#:.$+..
#..≈≈.##.#.g.#..8#=$g#.#
#..≈≈.8#.##'###'######.#
#..≈≈###...............#
#..≈≈#...###.#####.###..


You could see 2 gnoll sergeants and 3 gnolls.

Vanquished Creatures
  A two-headed ogre (D:6)
  Jeremiah (D:7)
  Prince Ribbit (D:6)
  Sigmund (D:7)
  2 water moccasins (D:6)
  A sky beast (D:6)
  2 ice beasts
  A black bear (D:6)
  An ogre (D:7)
  A kobold brigand (D:6)
  A bullfrog (D:3)
  2 scorpions (D:5)
  A howler monkey (D:5)
  A jelly (D:6)
  A gnoll bouda (D:4)
  2 orc priests
  5 hounds
  A sleepcap (D:5)
  4 iguanas
  11 adders
  5 gnolls
  3 white imps
  A ribbon worm (D:2)
  15 orcs
  6 endoplasms
  11 giant cockroaches
  8 hobgoblins
  4 jackals (D:5)
  A quokka (D:4)
  7 ball pythons
  4 bats
  4 frilled lizards
  7 goblins
  15 kobolds
  4 rats
136 creatures vanquished.

Notes
Turn   | Place    | Note
-------+----------+-------------------------------------------
     0 | D:1      | voltaire321 the Octopode Earth Elementalist began the quest
                  | for the Orb.
     0 | D:1      | Reached XP level 1. HP: 11/11 MP: 3/3
   226 | D:1      | Reached XP level 2. HP: 18/18 MP: 3/5
   491 | D:1      | Reached skill level 3 in Stealth
   857 | D:2      | Reached XP level 3. HP: 22/22 MP: 3/6
  1141 | D:2      | Reached skill level 1 in Fighting
  1271 | D:2      | Found a faded altar of an unknown god.
  1278 | D:2      | Learned a level 3 spell: Passwall
  1543 | D:2      | Reached XP level 4. HP: 28/28 MP: 2/7
  2093 | D:3      | Reached XP level 5. HP: 26/33 MP: 6/8
  2353 | D:3      | Reached skill level 4 in Stealth
  2812 | D:4      | You fall into a shaft and drop 2 floors!
  2823 | D:6      | Found a staircase to the Ecumenical Temple.
  2829 | Temple   | Entered the Ecumenical Temple
  2839 | Temple   | Became a worshipper of Vehumet
  2872 | D:6      | Noticed a water moccasin
  2885 | D:6      | Killed a water moccasin
  2886 | D:6      | Reached XP level 6. HP: 35/39 MP: 8/10
  2929 | D:6      | Noticed a black bear
  2938 | D:6      | Killed a black bear
  2965 | D:6      | Learned a level 3 spell: Stone Arrow
  2967 | D:5      | Entered Level 5 of the Dungeon
  3042 | D:4      | Reached XP level 7. HP: 40/45 MP: 11/11
  3385 | D:4      | Reached skill level 5 in Stealth
  3469 | D:4      | Reached * piety under Vehumet
  3469 | D:4      | Offered knowledge of Foxfire by Vehumet.
  3942 | D:5      | Reached XP level 8. HP: 48/52 MP: 13/13
  4132 | D:5      | Learned a level 4 spell: Airstrike
  4370 | D:6      | Offered knowledge of Freeze by Vehumet.
  4371 | D:6      | Reached skill level 6 in Stealth
  4410 | D:6      | Reached ** piety under Vehumet
  4411 | D:6      | Reached skill level 1 in Air Magic
  4613 | D:6      | Noticed avis's ghost (novice FeWr)
  4615 | D:6      | Found a transporter.
  4649 | D:6      | Found a transporter.
  4664 | D:6      | Noticed Prince Ribbit
  4675 | D:6      | Killed Prince Ribbit
  4676 | D:6      | Reached skill level 5 in Earth Magic
  4909 | D:6      | Noticed a two-headed ogre
  4957 | D:6      | Killed a two-headed ogre
  4958 | D:6      | Reached skill level 5 in Dodging
  4958 | D:6      | Reached skill level 7 in Stealth
  4958 | D:6      | Reached XP level 9. HP: 49/59 MP: 16/16
  5075 | D:6      | Found a burning altar of Makhleb.
  5195 | D:7      | Found a transporter.
  5196 | D:7      | Noticed Jeremiah
  5232 | D:7      | Found a transporter.
  5232 | D:7      | Noticed Azoth's ghost (novice FoEE)
  5244 | D:7      | Learned a level 4 spell: Summon Lightning Spire
  5261 | D:7      | Killed Jeremiah
  5378 | D:7      | Reached skill level 5 in Conjurations
  5378 | D:7      | Reached skill level 1 in Summonings
  5581 | D:7      | Noticed Sigmund
  5584 | D:7      | Killed Sigmund
  5584 | D:7      | Noticed Edmund
  5585 | D:7      | Reached skill level 5 in Fighting
  5585 | D:7      | Reached skill level 5 in Spellcasting
  5742 | D:6      | HP: 3/60 [poisoned by a gnoll sergeant]
  5742 | D:6      | Mangled by a gnoll sergeant

Illustrated notes

Levels and vault maps discovered:
D:1:      dpeg_arrival_central, layout_loops_ring, dk_noncrumbling_4
D:2:      layout_loops_cross, shapermc_ecumenical_altar_pompeii
D:3:      layout_loops_ring
D:4:      layout_basic
D:5:      layout_gridville, hangedman_decor_lopped
D:6:      layout_rooms, kennysheep_little_box, minmay_temple_entry_hall,
          gammafunk_ghost_gnarly_gnolls, minmay_misc_feat_secret_circle,
          uniq_prince_ribbit1
D:7:      layout_basic, gammafunk_ghost_smash, serial_rivers,
          chequers_serial_rivers_micro_e, chequers_serial_rivers_room_b,
          chequers_serial_rivers_micro_b, chequers_serial_rivers_room_b,
          sigmund_edmund_badplayer, uniq_jeremiah
Temple:   compressed_dpeg_triangle_lava_temple

Skill      XL: |  1  2  3  4  5  6  7  8  9 |
---------------+----------------------------+-----
Stealth        | 3 4 5 7 |  7.6
Fighting       | 1 2 3 4 5 |  5.0
Conjurations   | 2 3 4 5 |  5.0
Dodging        | 3 4 5 |  5.5
Spellcasting   | 3 4 5 |  5.0
Earth Magic    | 4 5 |  5.8
Air Magic      | 2 3 |  3.1
Summonings     | 1 |  1.2

Action                     |  1- 3 |  4- 6 |  7- 9 || total
---------------------------+-------+-------+-------++-------
  Melee: Dagger            |     2 |       |       ||     2
         Short sword       |     2 |    33 |   104 ||   139
         Tentacles         |       |     7 |    27 ||    34
         Punch             |       |     2 |     2 ||     4
         Constrict         |       |    10 |    21 ||    31
  Throw: Dart              |       |       |     2 ||     2
   Cast: Sandblast         |    45 |    43 |    68 ||   156
         Stone Arrow       |       |       |     5 ||     5
    Use: Scroll            |       |       |     5 ||     5
         Potion            |       |       |     3 ||     3
   Stab: Sleeping          |       |       |     3 ||     3
         Distracted        |       |       |     1 ||     1
 Armour: Skin              |     5 |    19 |    33 ||    57
  Dodge: Dodged            |     6 |    33 |    94 ||   133
  Block: Other             |       |       |     5 ||     5

Table legend: (Time is in decaauts)
 A = Elapsed time spent in this place.
 B = Non-inter-level travel time spent in this place.
 C = Inter-level travel time spent in this place.
 D = Time resting spent in this place.
 E = Time spent auto-exploring this place.
 F = Levels seen in this place.
 G = Mean time per level.
                   A        B        C        D        E       F      G
               +--------+--------+--------+--------+--------+-----+--------+
         Total |   5818 |   5756 |     62 |    968 |   3356 |   8 |  727.2 |
       Dungeon |   5797 |   5735 |     62 |    968 |   3356 |   7 |  828.1 |
        Temple |     20 |     20 |      0 |      0 |      0 |   1 |   20.0 |
               +--------+--------+--------+--------+--------+-----+--------+

Top non-repeatable levels by time:
     D:6: 1181 daAuts
     D:3: 930 daAuts
     D:1: 862 daAuts
     D:2: 859 daAuts
     D:4: 835 daAuts
     D:5: 662 daAuts
     D:7: 465 daAuts
  Temple: 20 daAuts
